AoeStats
← AMANSIZ TAYYAR

Migration

504682266Analyzed
1v1 RM · 27d ago on Sep 6, 2026· 24m 43s· 2 players
Game mode
Random Map
Map size
132×132
Population
200
Speed
Normal
Resources
Standard
Victory
Conquest
Starting age
Dark Age
Ending age
Imperial Age
RankedLock teamsTeams togetherTeam positionsShared explorationLock speedFull tech treeHidden civsTurbo modeCheats
Victory
Defeat
🇸🇪 Vikings · Sweden
1028
+15
🇹🇷 Saracens · Türkiye
1013
-15
AMANSIZ TAYYAR
9:59 Feudal Age
12:02 Double-Bit Axe
13:28 Horse Collar
17:36 Gold Mining
18:14 Loom
20:30 Castle Age
19:36 Bloodlines
22:33 Padded Archer Armor
22:38 Scale Barding Armor
22:44 Forging
22:27 Fletching
22:48 Scale Barding Armor
22:53 Forging
TB_Mr_Swede
8:23 Loom
11:07 Feudal Age
14:01 Double-Bit Axe
14:22 Town Watch
20:32 Castle Age
18:59 Fletching
22:15 Bodkin Arrow
Connection lost

Rejoining the realm…

Still unreachable

The connection could not be restored.

Session expired

The server has moved on; the page needs a fresh start.